 Dungeon Crawl Stone Soup version 0.31.0-9-g3a7656b989 (webtiles) character file.

Game seed: 994954881758799454

51 qw the Shooter (level 3, -7/29 HPs)
             Began as a Demigod Hunter on Feb 2, 2024.
             Shot with an arrow by a centaur (12 damage)
             ... on level 3 of the Dungeon.
             The game lasted 00:00:05 (1670 turns).

qw the Shooter (Demigod Hunter)                     Turns: 1670, Time: 00:00:05

Health: -7/29      AC:  4    Str: 12    XL:     3   Next: 36%
Magic:  5/5        EV: 13    Int: 11    God:
Gold:   194        SH:  0    Dex: 27    Spells: 2/2 levels left

rFire   . . .        a - +0 shortbow
rCold   . . .        (shield currently unavailable)
rNeg    . . .        c - +0 leather armour
rPois   .            (no helmet)
rElec   .            (no cloak)
rCorr   .            (no gloves)
SInv    .            d - +0 pair of boots
Will    .....        (no amulet)
Stlth   ++           e - +6 ring of dexterity
HPRegen 0.24/turn    (no ring)
MPRegen 0.09/turn

%: no passive effects
@: no status effects
A: high MP 1, forlorn, divine attributes
a: no special abilities


You were on level 3 of the Dungeon.
You visited 1 branch of the dungeon, and saw 3 of its levels.

You collected 194 gold pieces.


Innate Abilities, Weirdness & Mutations

You have an increased reservoir of magic. (+10% MP)
You shall have no god before yourself.
Your divine heritage dramatically boosts your attributes as you level up.


   Skills:
 - Level 2.0 Fighting
 + Level 4.7 Ranged Weapons
 - Level 2.0 Dodging
 - Level 0.8 Stealth


You had 2 spell levels left.
You didn't know any spells.
Your spell library was empty.

Inventory:

Hand Weapons
 a - a +0 shortbow (weapon)
Armour
 c - a +0 leather armour (worn)
 d - a +0 pair of boots (worn)
Jewellery
 e - a +6 ring of dexterity (left hand)
Scrolls
 h - a scroll of vulnerability {unknown}
 i - a scroll of poison {unknown}
 j - a scroll of enchant weapon {unknown}
 k - a scroll of amnesia {unknown}
Potions
 b - a potion of ambrosia {unknown}
 f - a potion of cancellation {unknown}
 g - a potion of degeneration {unknown}

Dungeon Overview and Level Annotations

Branches:
Dungeon (3/15)

Shops:
D:1 :


Message History

The rat twitches its whiskers.
You shoot an arrow.
The arrow hits the rat but does no damage.
You shoot an arrow. The arrow hits the rat.
The rat is heavily wounded.
You shoot an arrow.
The arrow hits the rat but does no damage.
The rat is heavily wounded.
You shoot an arrow.
The arrow hits the rat but does no damage.
The rat is heavily wounded.
You shoot an arrow. The arrow barely misses the rat.
The rat bites you but does no damage.
You shoot an arrow. The arrow hits the rat!
You kill the rat!
You now have 194 gold pieces (gained 19).
A centaur comes into view. It is wielding a +0 club.
The centaur moves out of view.
A centaur is nearby!
You shoot an arrow.
The arrow completely misses the centaur.
The centaur shouts!
The centaur unwields a +0 club.
The centaur wields a +0 shortbow.
The centaur shoots an arrow.
The arrow hits you!
The centaur shoots an arrow.
The arrow hits you.
You shoot an arrow. The arrow hits the centaur!
The centaur is heavily wounded.
The centaur shoots an arrow.
The arrow barely misses you.
The centaur shoots an arrow.
The arrow misses you.
You shoot an arrow. The arrow hits the centaur.
The centaur is heavily wounded.
The centaur shoots an arrow.
The arrow barely misses you.
You shoot an arrow. The arrow barely misses the centaur.
The centaur shoots an arrow.
The arrow hits you!
You hear a shout!
You shoot an arrow. The arrow hits the centaur.
The centaur is severely wounded.
The centaur shoots an arrow.
The arrow hits you.
The centaur shoots an arrow.
The arrow hits you!
You die...

.#.. ..#... ... ...
#....#########..
#c##.##........%...
#........%.....##..
#.............##..
#.#.#.............
###.#.#.........#[..
#.....#............:
#.#@###.............
#.#.# #.#######.....
#.#.. ..#########...
#.#######.....# #...
#.....# #.##### ##.#
#.###^###.## #. #.#
#......#
#.###.###.## #.....#
#.##


You could see a centaur.

Vanquished Creatures
  2 dart slugs
  8 ball pythons
  5 endoplasms
  A giant cockroach (D:1)
  4 hobgoblins
  3 kobolds
  2 quokkas
  3 bats
  6 frilled lizards
  5 goblins
  7 rats
46 creatures vanquished.

Notes
Turn   | Place    | Note
-------+----------+-------------------------------------------
     0 | D:1      | qw the Demigod Hunter began the quest for the Orb.
     0 | D:1      | Reached XP level 1. HP: 17/17 MP: 3/3
     0 | D:1      | 0 ||| qw: Version: 0.3-a-155-g5e7d8dd
     0 | D:1      | 0 ||| qw: Game counter: 275
     0 | D:1      | 0 ||| qw: Melee chars always use a shield: true
     0 | D:1      | 0 ||| qw: God list: Okawaru
     0 | D:1      | 0 ||| qw: Allow faded altars: false
     0 | D:1      | 0 ||| qw: Do Orc after clearing Dungeon:15 true
     0 | D:1      | 0 ||| qw: Do second Lair branch before Depths: true
     0 | D:1      | 0 ||| qw: Lair rune preference: random
     0 | D:1      | 0 ||| qw: Goals: Normal
     0 | D:1      | 0 ||| PLANNING D:1-11
   113 | D:1      | Reached skill level 4 in Ranged Weapons
   168 | D:1      | Reached XP level 2. HP: 24/24 MP: 4/4
   437 | D:1      | Found Cesmocs's Book Emporium.
   598 | D:1      | 598 ||| UPGRADING to +0 pair of boots.
   603 | D:1      | 603 ||| UPGRADING to +6 ring of dexterity.
   604 | D:1      | 604 ||| READING scroll labelled OHONURUGUC.
   605 | D:1      | 605 ||| DROPPING scroll of butterflies.
   643 | D:2      | 643 ||| STAIRDANCE
   681 | D:2      | Found the +7 staff of the Meek {protect, meekguard}
   834 | D:2      | Reached XP level 3. HP: 26/29 MP: 5/5
  1662 | D:3      | Noticed a centaur
  1669 | D:3      | HP: 6/29 [centaur/arrow (13)]
  1670 | D:3      | Shot with an arrow by a centaur

Levels and vault maps discovered:
D:1:      eino_arrival_water_cross, layout_loops_ring, serial_shops, shop,
          minmay_misc_feat_nine_boxes, minmay_pentomino_t2
D:2:      layout_loops_ring, nicolae_ecumenical_oubliette
D:3:      layout_loops_cross, mainiacjoe_overflow_alcove_4,
          hangedman_ru_absence, minmay_strange_pillars

Skill      XL: |  1  2 |
---------------+-------+-----
Ranged Weapons | 4 |  4.7
Fighting       | 2 |  2.0
Dodging        | 2 |  2.0
Stealth        | |  0.8

Action                     || total
---------------------------++-------
   Fire: Shortbow          ||    98
    Use: Scroll            ||     1
 Armour: Leather armour    ||    25
  Dodge: Dodged            ||    14

Table legend:
 A = Non-vault XP
 B = Vault XP
 C = Vault XP percentage of total XP
 D = Non-vault monster count
 E = Vault monster count
 F = Vault count percentage of total count
                 A         B        C        D         E       F
            +---------+---------+-------+---------+---------+-------
      Total |      70 |       3 |   4.1 |      44 |       2 |   4.3
            +---------+---------+-------+---------+---------+-------
        D:1 |      33 |       3 |   8.3 |      21 |       2 |   8.7
        D:2 |      23 |       0 |   0.0 |      13 |       0 |   0.0
        D:3 |      14 |       0 |   0.0 |      10 |       0 |   0.0
            +---------+---------+-------+---------+---------+-------
